 Dungeon Crawl Stone Soup version 0.30-a0-879-ga8ba668 (webtiles) character file.

Game seed: 3548360935825744971

103516 AnyaLaVert the Severer (level 16, -44/155 HPs)
             Began as a Hill Orc Fighter on Mar 11, 2023.
             Killed from afar by a fire dragon (58 damage)
             ... with a blast of flame
             ... on level 2 of the Depths on Mar 12, 2023.
             The game lasted 01:26:16 (30835 turns).

AnyaLaVert the Severer (Hill Orc Fighter)          Turns: 30835, Time: 01:26:17

Health: -44/155    AC: 14    Str: 34    XL:     16   Next: 36%
Magic:  16/16      EV: 23    Int:  8    God:
Gold:   1899       SH: 15    Dex: 21    Spells: 13/15 levels left

rFire   . . .      SeeInvis +    a - +2 war axe (spect)
rCold   x . .      Faith    .    E - +2 buckler
rNeg    . . .      Spirit   .    v - +4 leather armour of Masmamitz {Dex+3}
rPois   .          Reflect  +    r - +1 hat of Sysu {Str+2}
rElec   +          Rampage  .    w - +1 cloak "Kaqeggicuz" {Str+3 Dex+4 SInv}
rCorr   .                        (no gloves)
Will    +....                    f - +1 pair of boots
Stlth   +++                      M - amulet of Departure {Reflect +Inv rElec SH+5}
HPRegen 0.45/turn                e - +6 ring of strength
MPRegen 0.15/turn                G - +5 ring of evasion

@: no status effects
A: electricity resistance, cold vulnerability 1
a: Evoke Invisibility


You were on level 2 of the Depths.
You visited 4 branches of the dungeon, and saw 23 of its levels.
You also visited: Sewer, Ossuary and Bailey.

You collected 2064 gold pieces.
You spent 165 gold pieces at shops.

Inventory:

Hand Weapons
 a - a +2 spectral war axe (weapon)
Missiles
 k - 4 throwing nets
Armour
 f - a +1 pair of boots (worn)
 m - a scarf of repulsion
 r - the +1 hat of Sysu (worn) {Str+2}
   (You found it on level 2 of the Dungeon)

   Str:       It affects your strength (+2).
 v - the +4 leather armour of Masmamitz (worn) {Dex+3}
   (You found it in a bailey)

   Dex:       It affects your dexterity (+3).
 w - the +1 cloak "Kaqeggicuz" (worn) {Str+3 Dex+4 SInv}
   (You found it in a sewer)

   Str:       It affects your strength (+3).
   Dex:       It affects your dexterity (+4).
   SInv:      It lets you see invisible.
 E - a +2 buckler (worn)
 F - a +2 ring mail of fire resistance
Jewellery
 e - a +6 ring of strength (left hand)
 j - the ring of Ethruqu Ypas {Fire Str-2 Int+2 SInv}
   (You found it on level 5 of the Lair of Beasts)

   [ring of fire]

   It enhances your fire magic.
   Str:       It affects your strength (-2).
   Int:       It affects your intelligence (+2).
   rF:        It protects you from fire.
   rC:        It makes you vulnerable to cold.
   SInv:      It lets you see invisible.
 s - a +5 ring of evasion
 G - a +5 ring of evasion (right hand)
 M - the amulet of Departure (around neck) {Reflect +Inv rElec SH+5}
   (You acquired it in a bailey)

   [amulet of reflection]

   It reflects blocked missile attacks.
   rElec:     It insulates you from electricity.
   +Inv:      It lets you turn invisible.
   SH:        It affects your SH (+5).
Wands
 b - a wand of iceblast (14) (quivered)
 q - a wand of digging (7)
 z - a wand of mindburst (4)
 B - a wand of polymorph (9)
 I - a wand of flame (28)
 O - a wand of acid (15)
 P - a wand of charming (5)
Scrolls
 h - 11 scrolls of teleportation
 i - a scroll of blinking
 n - 4 scrolls of silence
 y - 15 scrolls of identify
 H - 2 scrolls of fear
 K - 2 scrolls of summoning
 N - 3 scrolls of magic mapping
 Q - 5 scrolls of amnesia
Potions
 d - 3 potions of might
 g - 6 potions of curing
 l - 8 potions of haste
 o - 13 potions of flight
 p - 3 potions of magic
 t - 3 potions of brilliance
 u - 3 potions of cancellation
 x - a potion of mutation
Miscellaneous
 D - a phial of floods


   Skills:
 + Level 17.2 Fighting
 + Level 19.5(19.8) Axes
 + Level 2.1(11.1) Maces & Flails
 + Level 3.3(11.4) Polearms
 + Level 9.8 Armour
 + Level 9.1 Dodging
 + Level 6.1 Stealth
 + Level 13.6 Shields
 + Level 3.9 Evocations


You had 13 spell levels left.
You knew the following spells:

 Your Spells              Type           Power      Damage    Failure   Level
a - Blink                 Tloc           0%         N/A       63%         2

Your spell library contained the following spells:

 Spells                   Type           Power      Damage    Failure   Level
 Cigotuvi's Dreadful Rot  Necr/Pois/Air  0%         N/A       63%         2
 Lesser Beckoning         Tloc           0%         N/A       63%         2
 Momentum Strike          Conj/Tloc      0%         3d8       63%         2
 Poisonous Vapours        Pois/Air       0%         N/A       63%         2
 Scorch                   Fire           0%         2d5       63%         2
 Dazzling Flash           Conj/Hex       0%         N/A       86%         3
 Ignite Poison            Fire/Tmut/Pois 0%         N/A       86%         3
 Kindle Blastsparks       Fire/Tloc/Air  0%         2d10      86%         3
 Mephitic Cloud           Conj/Pois/Air  0%         N/A       86%         3
 Portal Projectile        Hex/Tloc       0%         N/A       86%         3
 Summon Guardian Golem    Hex/Summ       0%         N/A       86%         3
 Tukima's Dance           Hex            0%         N/A       86%         3
 Dispel Undead            Necr           0%         3d6       99%         4
 Flame Wave               Conj/Fire      0%         2d4       99%         4
 Passage of Golubria      Tloc           0%         N/A       99%         4
 Sticky Flame             Conj/Fire      0%         2d3       99%         4
 Agony                    Necr           0%         N/A       100%        5
 Blade Hands              Tmut           0%         N/A       100%        5
 Freezing Cloud           Conj/Ice/Air   0%         6-21      100%        5
 Silence                  Hex/Air        0%         N/A       100%        5
 Yara's Violent Unravell  Hex/Tmut       0%         3d3       100%        5
 Death Channel            Necr           0%         N/A       100%        6
 Summon Cactus Giant      Summ           0%         N/A       100%        6
 Orb of Destruction       Conj           0%         9d5       100%        7
 Spellforged Servitor     Conj/Summ      0%         N/A       100%        7
 Ignition                 Fire           0%         3d3       100%        8


Dungeon Overview and Level Annotations

Branches:
Dungeon (15/15)            Temple (0/1) D:7            Lair (5/5) D:11
  Swamp (0/4) Lair:2       Spider (1/4) Lair:3        Slime (0/5) Lair:5
    Orc (0/2) D:9          Vaults (0/5) D:14         Depths (2/4) D:15
  Sewer (visited)         Ossuary (visited)          Bailey (visited)

Altars:
Cheibriados
Dithmenos
Elyvilon
Gozag
Hepliaklqana
Kikubaaqudgha
Nemelex Xobeh
Ru
Sif Muna
Trog
Uskayaw
Vehumet
Wu Jian
Xom
The Shining One

Shops:
D:11 =   Depths:2 ?

Portals:
Hell: Depths:1 Depths:2
Abyss: Depths:1 Depths:2
Ziggurat: Depths:1

Annotations:
Depths:1 exclusion: orange crystal statue


Innate Abilities, Weirdness & Mutations

You are resistant to electric shocks. (rElec)
You are vulnerable to cold. (rC-)


Message History

You completely miss the ice dragon.
Your +2 spectral war axe hits the ice dragon but does no damage.
You block the ice dragon's attack. The ice dragon claws you!
The ice dragon misses you.
You hear a grinding noise.
A deep troll earth mage comes into view.
Unknown command.
You slice the ice dragon!!
The ice dragon is moderately wounded.
You barely miss the deep troll earth mage.
Your +2 spectral war axe hits the deep troll earth mage!
The ice dragon bites you but does no damage.
You block the ice dragon's attack. The ice dragon closely misses you.
The deep troll earth mage points next to you and mumbles some strange words.
Some rock shatters into small pieces.
You slice the ice dragon!!
The ice dragon is severely wounded.
You hit the deep troll earth mage.
Your +2 spectral war axe barely misses the deep troll earth mage.
The ice dragon bites you but does no damage.
The ice dragon claws you but does no damage.
You block the ice dragon's attack. The ice dragon breathes frost at you.
The blast of cold hits you!!!
You feel a terrible chill!
* * * LOW HITPOINT WARNING * * *
The deep troll earth mage gestures next to you while chanting.
The wall shatters!
The blast of rock fragments hits you!
* * * LOW HITPOINT WARNING * * *
You hear a shout! x2; You hear a deafening roar!
You hear a shout! x2
You hear a screech!
Unknown command.
Blink to where?
Press: ? - help, Dir - move target
As you read the scroll of blinking, it crumbles to dust.
You hear a shout!
You hear an angry buzzing noise.
The ice dragon breathes frost at you. The blast of cold misses you.
The fire dragon breathes flames at you. The blast of flame hits you!!!
You die...

#..... ######...# # # ###..
..##. .........####..# ...#.
...^. .........#...#.# i#D#.
.#!##.. .......∩.(###..# #...#.
.......
.........#)..#.#..###..#..##.#.
................#.....#........
.................#####.........
....(...#.###..∩@..........# .
........#.####.......D...T#...#
........#...###.............##
........#.#.# ##.....D.T##.....
<.......#.#.# ##....#§....####
........#.#.########.D.###.#
........#>...........§.#
#.......###'#######.####
.).#..........# #.#


You could see a fire dragon (catching breath), 2 ice dragons, a spriggan air
mage (repels missiles) and a deep troll earth mage.

Vanquished Creatures
  Jorgrun (D:15)
  2 liches (Depths:1)
  Gastronok (D:8)
  A frost giant (Depths:2)
  2 very ugly things
  3 stone giants
  Snorg (D:12)
  The ghost of Kobimuze the Martial Artist, a journeyman MfTm of Gozag (Lair:1)
  A great orb of eyes (D:15)
  2 rakshasas
  A death knight (D:14)
  6 centaur warriors
  3 catoblepae
  7 two-headed ogres
  A hydra (D:15)
  Erica (D:11)
  An ogre mage (D:14)
  A boulder beetle (Lair:5)
  5 tengu warriors
  Nergalle (Lair:3)
  An iron troll (Depths:1)
  A skyshark (Lair:5)
  A sea snake (shapeshifter) (D:13)
  8 skeletal warriors (D:15)
  5 slime creatures
  Pikel (D:5)
  A lindwurm (shapeshifter) (D:15)
  A necromancer (D:14)
  A deep elf pyromancer (D:14)
  The ghost of MinotaursOnly the Shield-Bearer, a novice MiEn of Okawaru (D:5)
  An orc knight (Bailey)
  19 ugly things
  An orc sorcerer (Bailey)
  2 wolf spiders (Lair:3)
  A cyclops (D:12)
  A guardian serpent (shapeshifter) (D:13)
  18 elephants
  Maurice (D:11)
  6 cane toads
  Joseph (D:10)
  6 black mambas
  Psyche (D:12)
  A rime drake (Lair:4)
  8 komodo dragons
  A freezing wraith (D:14)
  2 kobold demonologists
  2 tengu conjurers (Depths:1)
  The ghost of Dega the Ducker, a novice SpHu (D:5)
  A meliai (shapeshifter) (D:13)
  4 trolls
  A meliai (Lair:3)
  4 polar bears (Lair:5)
  A raiju (shapeshifter) (D:15)
  9 hornets
  4 blink frogs (Lair:1)
  4 dream sheep (Lair:5)
  2 water elementals (Depths:1)
  A culicivora (Lair:3)
  12 spriggans (Lair:5)
  3 wraiths
  A shadow (D:12)
  8 wyverns
  A vampire (D:12)
  The ghost of AnyaLaVert the Chopper, an amateur MiFi (D:5)
  45 yaks
  Eustachio (D:4)
  2 vampire mosquitoes (D:11)
  6 basilisks
  2 steam dragons
  2 redbacks (Spider:1)
  Menkaure (D:5)
  An acid dragon (D:9)
  15 water moccasins
  Duvessa (D:5)
  19 orc warriors
  A sky beast (D:8)
  7 black bears
  2 ice beasts
  31 wolves
  3 ogres
  4 boggarts (Lair:5)
  A lemure (D:5)
  A phantom (D:5)
  12 centaurs
  A kobold brigand (D:9)
  8 bullfrogs
  A gnoll sergeant (D:7)
  5 earth elementals (Depths:1)
  2 scorpions
  13 wights
  Dowan (D:5)
  7 killer bees
  9 electric eels
  9 howler monkeys
  5 orc priests
  3 jellies
  4 hounds
  A gnoll bouda (D:10)
  2 iguanas
  A sleepcap (D:7)
  Natasha (thrice) (D:2)
  16 orc wizards
  Terence (D:2)
  4 mummies
  20 adders
  14 gnolls
  5 river rats (Sewer)
  A white imp (D:6)
  A worm (Sewer)
  41 orcs
  11 ball pythons
  6 endoplasms
  4 giant cockroaches
  14 goblins
  14 hobgoblins
  4 jackals (D:2)
  8 kobolds
  9 quokkas
  11 bats
  7 frilled lizards
  3 goblin zombies (Ossuary)
  3 hobgoblin zombies (Ossuary)
  4 kobold zombies (Ossuary)
  2 rats (D:1)
  A bush (D:9)
629 creatures vanquished.

Vanquished Creatures (others)
  Nessos (D:12)
  A rakshasa (D:15)
  A kobold (D:9)
  A bush (Lair:3)
  53 fungi
  86 plants
  4 toadstools (D:1)
  3 withered plants (D:5)
150 creatures vanquished.

Grand Total: 779 creatures vanquished

Notes
Turn   | Place    | Note
-------+----------+-------------------------------------------
     0 | D:1      | AnyaLaVert the Hill Orc Fighter began the quest for the
                  | Orb.
     0 | D:1      | Reached XP level 1. HP: 19/19 MP: 1/1
   124 | D:1      | Reached XP level 2. HP: 26/27 MP: 2/2
   236 | D:1      | Reached skill level 3 in Axes
   523 | D:2      | Noticed Terence
   528 | D:2      | Reached XP level 3. HP: 33/33 MP: 3/3
   534 | D:2      | Killed Terence
   647 | D:2      | Reached XP level 4. HP: 39/41 MP: 4/4
   703 | D:2      | Reached skill level 4 in Axes
   708 | D:2      | Identified the +1 hat of Sysu {Str+2}
   933 | D:2      | Noticed Natasha
   936 | D:2      | Killed Natasha
   937 | D:2      | Reached XP level 5. HP: 45/47 MP: 5/5
  1006 | D:2      | Noticed Natasha
  1019 | D:2      | Killed Natasha
  1052 | D:2      | Noticed Natasha
  1070 | D:2      | Killed Natasha
  1071 | D:2      | Reached skill level 5 in Axes
  1424 | D:3      | Found a hazy altar of Hepliaklqana.
  1424 | D:3      | Found a shadowy altar of Dithmenos.
  1426 | D:3      | Noticed a shadow
  1440 | D:3      | Noticed a +0 dagger
  1440 | D:3      | Noticed a +0 spear
  1440 | D:3      | Noticed a +0 short sword
  1440 | D:3      | Noticed a +0 short sword
  1441 | D:3      | Noticed a +0 falchion
  1442 | D:3      | Noticed a +0 spear
  1442 | D:3      | Noticed a +0 dagger
  1443 | D:3      | Noticed a +0 falchion
  1453 | D:3      | Found a hide-covered altar of Uskayaw.
  1663 | D:3      | Found a sparkling altar of Nemelex Xobeh.
  1937 | D:3      | Reached XP level 6. HP: 55/55 MP: 6/6
  1974 | D:3      | Found a shimmering blue altar of Sif Muna.
  2155 | D:4      | Reached skill level 5 in Fighting
  2155 | D:4      | Reached skill level 1 in Dodging
  2172 | D:4      | Reached skill level 6 in Axes
  2382 | D:4      | Noticed Eustachio
  2392 | D:4      | Killed Eustachio
  2393 | D:4      | Reached skill level 7 in Axes
  2393 | D:4      | Reached XP level 7. HP: 54/61 MP: 7/7
  2891 | D:4      | Found a bloodstained altar of Trog.
  3067 | D:4      | Found an opulent altar of Gozag.
  3114 | D:5      | Entered Level 5 of the Dungeon
  3139 | D:5      | Found a shimmering altar of Xom.
  3274 | D:5      | Found a runed translucent gate.
  3275 | D:5      | Found a runed translucent gate.
  3276 | D:5      | Found a runed translucent gate.
  3283 | D:5      | Noticed Pikel
  3295 | D:5      | Killed Pikel
  3296 | D:5      | Reached skill level 9 in Axes
  3296 | D:5      | Reached skill level 5 in Armour
  3296 | D:5      | Reached XP level 8. HP: 50/71 MP: 8/8
  3305 | D:5      | Found a glowing golden altar of the Shining One.
  3627 | D:5      | Found a glowing drain.
  3638 | Sewer    | Entered a sewer
  3857 | Sewer    | Reached skill level 10 in Axes
  3884 | Sewer    | Identified the +1 cloak "Kaqeggicuz" {Str+3 Dex+4 SInv}
  4331 | D:5      | Found an ancient bone altar of Kikubaaqudgha.
  4383 | D:5      | Noticed Dega's ghost (novice SpHu)
  4383 | D:5      | Noticed AnyaLaVert's ghost (amateur MiFi)
  4383 | D:5      | Noticed MinotaursOnly's ghost (novice MiEn)
  4458 | D:5      | Noticed Menkaure
  4473 | D:5      | Killed Menkaure
  4474 | D:5      | Reached XP level 9. HP: 38/78 MP: 9/9
  4634 | D:5      | Noticed Duvessa
  4634 | D:5      | Noticed Dowan
  4639 | D:5      | Killed Dowan
  4642 | D:5      | Killed Duvessa
  4643 | D:5      | Reached skill level 1 in Stealth
  4643 | D:5      | Reached skill level 5 in Shields
  5249 | D:6      | Found a sand-covered staircase.
  5256 | Ossuary  | Entered an ossuary
  5353 | Ossuary  | Reached skill level 11 in Axes
  5914 | D:6      | Reached skill level 12 in Axes
  6403 | D:7      | Found a snail-covered altar of Cheibriados.
  6460 | D:7      | Found a sacrificial altar of Ru.
  6481 | D:7      | Reached XP level 10. HP: 61/88 MP: 10/10
  6597 | D:7      | Found a staircase to the Ecumenical Temple.
  7481 | D:8      | Reached skill level 13 in Axes
  7642 | D:8      | Noticed Gastronok
  7669 | D:8      | Killed Gastronok
  8057 | D:8      | Reached skill level 14 in Axes
  8562 | D:9      | Reached XP level 11. HP: 92/97 MP: 11/11
  8815 | D:9      | Found an ornate altar of the Wu Jian Council.
  8868 | D:9      | Reached skill level 10 in Fighting
  8992 | D:9      | You fall into a shaft and drop 1 floor!
  8992 | D:10     | Entered Level 10 of the Dungeon
  9014 | D:10     | Reached skill level 15 in Axes
  9393 | D:10     | Noticed Joseph
  9403 | D:10     | Killed Joseph
  9445 | D:10     | Found a flagged portal.
  9462 | Bailey   | Entered a bailey
 10078 | Bailey   | Noticed an orc knight
 10087 | Bailey   | Killed an orc knight
 10400 | Bailey   | Found an iron altar of Okawaru.
 10400 | Bailey   | Noticed an orc sorcerer
 10424 | Bailey   | Killed an orc sorcerer
 10445 | Bailey   | Reached skill level 1 in Evocations
 10489 | Bailey   | Identified the +4 leather armour of Masmamitz {Dex+3}
 10700 | Bailey   | Reached skill level 16 in Axes
 10700 | Bailey   | Reached XP level 12. HP: 110/110 MP: 12/12
 10816 | Bailey   | Acquired the amulet of Departure {Reflect +Inv rElec SH+5}
 11096 | D:10     | Found a radiant altar of Vehumet.
 11142 | D:10     | Found a white marble altar of Elyvilon.
 11469 | D:11     | Found Paikk's Jewellery Emporium.
 11552 | D:11     | Found a staircase to the Lair.
 11572 | D:11     | Reached XP level 13. HP: 78/117 MP: 13/13
 11577 | D:11     | Reached skill level 5 in Dodging
 11718 | D:11     | Found a glowing golden altar of the Shining One.
 11827 | D:11     | Noticed Erica
 11836 | D:11     | Killed Erica
 12085 | D:11     | Noticed Maurice
 12092 | D:11     | Killed Maurice
 12684 | D:12     | Noticed Snorg
 12695 | D:12     | Killed Snorg
 12730 | D:12     | Noticed Psyche
 12737 | D:12     | Killed Psyche
 12782 | D:12     | Noticed Nessos
 12800 | D:12     | Killed Nessos
 13555 | D:12     | Upgraded the game from 0.30-a0-870-gc5d4c5a to
                  | 0.30-a0-875-g110b599
 13597 | D:13     | Reached skill level 17 in Axes
 13922 | D:13     | Learned a level 2 spell: Blink
 14097 | D:13     | Reached skill level 10 in Shields
 15556 | Lair:1   | Entered Level 1 of the Lair of Beasts
 15948 | Lair:1   | Reached XP level 14. HP: 99/129 MP: 14/14
 16021 | Lair:1   | Found a runed translucent door.
 16021 | Lair:1   | Noticed Kobimuze's ghost (journeyman MfTm)
 16371 | Lair:1   | Killed Kobimuze's ghost
 16501 | Lair:2   | Identified the +1 robe "Zuliw" {SInv}
 16757 | Lair:2   | Found a staircase to the Swamp.
 17240 | Lair:3   | Found a hole to the Spider Nest.
 17778 | Lair:3   | Noticed Nergalle
 17787 | Lair:3   | Killed Nergalle
 18819 | Lair:5   | Entered Level 5 of the Lair of Beasts
 18838 | Lair:5   | HP: 6/133 [skyshark (4)]
 19335 | Lair:5   | Reached skill level 18 in Axes
 19788 | Lair:5   | Reached skill level 15 in Fighting
 20461 | Lair:5   | Reached XP level 15. HP: 141/141 MP: 15/15
 20598 | Lair:5   | Identified the ring of Ethruqu Ypas {Fire Str-2 Int+2 SInv}
 20611 | Lair:5   | Found a staircase to the Slime Pits.
 20641 | Lair:5   | Reached skill level 5 in Stealth
 21402 | Spider:1 | Entered Level 1 of the Spider Nest
 21956 | D:14     | Found a frozen archway.
 22366 | D:15     | Entered Level 15 of the Dungeon
 23569 | D:14     | Found a gate to the Vaults.
 24505 | D:14     | Upgraded the game from 0.30-a0-875-g110b599 to
                  | 0.30-a0-879-ga8ba668
 25350 | D:9      | Reached skill level 19 in Axes
 25379 | D:9      | Found a staircase to the Orcish Mines.
 26261 | D:5      | Killed MinotaursOnly's ghost
 26265 | D:5      | Killed AnyaLaVert's ghost
 26286 | D:5      | Killed Dega's ghost
 27511 | D:15     | Gained mutation: You are vulnerable to cold. (rC-) [potion
                  | of mutation]
 27511 | D:15     | Gained mutation: You are resistant to electric shocks.
                  | (rElec) [potion of mutation]
 28392 | D:15     | Noticed Jorgrun
 28409 | D:15     | Killed Jorgrun
 29086 | D:15     | Reached XP level 16. HP: 92/152 MP: 16/16
 29318 | D:15     | Found a staircase to the Depths.
 29329 | Depths:1 | Entered Level 1 of the Depths
 29341 | Depths:1 | Noticed a lich
 29348 | Depths:1 | Killed a lich
 29738 | Depths:1 | Found a one-way gateway to a ziggurat.
 29887 | Depths:1 | Found a shadowy altar of Dithmenos.
 30216 | Depths:1 | Found a one-way gate to the infinite horrors of the Abyss.
 30331 | Depths:1 | Noticed a lich
 30339 | Depths:1 | Killed a lich
 30349 | Depths:1 | Found a gateway to Hell.
 30507 | Depths:2 | Found Cuvum's Magic Scroll Emporium.
 30516 | Depths:2 | Bought a scroll of enchant weapon for 165 gold pieces
 30835 | Depths:2 | Killed from afar by a fire dragon

Illustrated notes

Levels and vault maps discovered:
D:1:      ldierk_walled_garden_2, layout_rooms
D:2:      layout_rooms, uniq_terence, uniq_natasha
D:3:      layout_loops_cross, riverfiend_overflow_shadow_ancestor, led_sif_pool,
          nemelex_spade_bored_becter, nicolae_uskayaw_en_pointe, minivault_4
D:4:      layout_basic, kennysheep_mini_moat, mainiacjoe_overflow_alcove_1,
          uniq_eustachio
D:5:      layout_basic, mainiacjoe_overflow_catch_the_wave,
          mainiacjoe_overflow_concentric_impassable, portal_sewer_entry_d,
          gammafunk_ghost_cemetery, uniq_menkaure, uniq_pikel, uniq_duvessa
D:6:      layout_cave_pods, gup_ossuary_entry_pyramid
D:7:      minmay_flawed_box, layout_gridville,
          nicolae_ru_great_annihilating_truth, nicolae_overflow_hidden_temple,
          minmay_temple_entry_mini_moons, serial_park_tiny_2,
          nicolae_grassy_gnolls
D:8:      layout_loops_ring, uniq_gastronok
D:9:      layout_basic, nicolae_overflow_crystal_walls, erik_orc_2,
          serial_park_tiny_2
D:10:     layout_loops_ring, mainiacjoe_overflow_surrounded_room,
          elyvilon_altar_4, serial_glass, glass_columns_b, glass_columns_a,
          enter_bailey_5, amcnicky_mini_corridor_feature,
          kennysheep_generic_room_10, uniq_joseph
D:11:     layout_cave_pods, minmay_lair_entry_grove, serial_shops,
          nicolae_shop_statue_plus, tso_metal_star, uniq_maurice, uniq_erica
D:12:     layout_roguey, serial_bayou_pond_a, uniq_psyche, uniq_snorg,
          uniq_nessos
D:13:     layout_basic
D:14:     layout_cave_pods, david_vaults_1, portal_ice_cave_entry_ugly_swarm
D:15:     gammafunk_enter_depths_forms, layout_long_grid, serial_glass,
          glass_columns_c, glass_columns_c, uniq_jorgrun
Lair:1:   layout_hall_layers, hellmonk_ghost_happy_afterlife,
          grunt_megastairs_4, serial_bayou_shore_b
Lair:2:   layout_hall_layers, swamp_mist, fungi_pond_lemuel,
          nicolae_lair_grazing_beasts [nicolae_sub_lair_graze_edge,
          nicolae_sub_lair_graze_edge, nicolae_sub_lair_graze_edge,
          nicolae_sub_lair_graze_edge]
Lair:3:   layout_loops_ring, hellmonk_spider_entry_not_the_bees, uniq_nergalle
Lair:4:   layout_roguey, nicolae_lair_grove_arrangements
Lair:5:   minmay_lair_end_enchanted_forest, layout_misc_corridors,
          slime_entry_1, chequers_serial_rivers_micro_a, serial_bayou_shore_a
Spider:1: layout_spider_delve
Depths:1: layout_cave_pools, enter_ziggurat_e,
          nicolae_dithmenos_through_a_glass_darkly, grunt_hell_entry_dis_grunt,
          abyss_entry_glasseish, minivault_16, hangedman_cracks_in_the_wall
Depths:2: minmay_the_grid_octo_tiled_squarecenter_mashed
          [minmay_the_grid_octo_concentric, minmay_the_grid_octo_toaster,
          minmay_the_grid_octo_clover_2, minmay_the_grid_octo_fat_diamond,
          minmay_the_grid_square_5x5_megaprize_diamond,
          minmay_the_grid_square_5x5_mess,
          minmay_the_grid_square_5x5_misaligned,
          minmay_the_grid_square_5x5_six_small,
          minmay_the_grid_square_5x5_doubleslash], layout_gridlike, abyss_entry,
          serial_shops, nicolae_shop_stone, rand_demon_pan_entry_3,
          kennysheep_pointless_box, hell_entry, kilobyte_mutagenic_chamber,
          uniq_sojobo

Skill      XL: |  1  2  3  4  5  6  7  8  9 10 11 12 13 14 15 16 |
---------------+-------------------------------------------------+-----
Fighting       | 4 5 6 8 9 11 13 15 16 17 | 17.2
Axes           | 3 4 5 7 9 10 12 14 16 17 18 19 | 19.5
Armour         | 4 5 6 7 8 9 |  9.8
Dodging        | 1 2 3 4 6 7 8 9 |  9.1
Shields        | 4 5 6 7 10 12 13 | 13.6
Stealth        | 1 2 3 4 5 6 |  6.1
Evocations     | 2 3 |  3.9
Maces & Flails | 2 |  2.1
Polearms       | 3 |  3.3

Action                     |  1- 3 |  4- 6 |  7- 9 | 10-12 | 13-15 | 16-18 || total
---------------------------+-------+-------+-------+-------+-------+-------++-------
  Melee: War axe           |    63 |   128 |   243 |   387 |   978 |   166 ||  1965
  Evoke: Wand              |       |       |       |    10 |    28 |       ||    38
    Use: Scroll            |       |    10 |    14 |     5 |    14 |     2 ||    45
         Potion            |       |       |       |     9 |    13 |     3 ||    25
   Stab: Paralysed         |       |       |       |     1 |       |       ||     1
         Invisible         |       |       |       |     2 |       |       ||     2
         Sleeping          |       |       |       |       |     5 |     2 ||     7
         Distracted        |       |       |       |       |     5 |     3 ||     8
 Armour: Scale mail        |    41 |    77 |   131 |    24 |       |       ||   273
         Ring mail         |       |       |       |   113 |       |       ||   113
         Leather armour    |       |       |       |    13 |   310 |    16 ||   339
         Skin              |       |       |       |       |    10 |       ||    10
  Dodge: Dodged            |    31 |    60 |   132 |   170 |   635 |    47 ||  1075
  Block: Buckler           |    21 |    31 |    74 |   111 |   624 |    66 ||   927
         Reflection        |       |       |       |     1 |    28 |    12 ||    41

Table legend: (Time is in decaauts)
 A = Elapsed time spent in this place.
 B = Non-inter-level travel time spent in this place.
 C = Inter-level travel time spent in this place.
 D = Time resting spent in this place.
 E = Time spent auto-exploring this place.
 F = Levels seen in this place.
 G = Mean time per level.
                   A        B        C        D        E       F      G
               +--------+--------+--------+--------+--------+-----+--------+
         Total |  30720 |  28415 |   2305 |   6102 |  14454 |  26 | 1181.5 |
       Dungeon |  20610 |  18421 |   2189 |   3573 |  10570 |  15 | 1374.0 |
          Lair |   6085 |   5969 |    116 |   1278 |   2705 |   5 | 1217.0 |
   Spider Nest |     18 |     18 |      0 |      0 |      0 |   1 |   18.0 |
        Depths |   1473 |   1473 |      0 |    470 |    473 |   2 |  736.5 |
         Sewer |    702 |    702 |      0 |      0 |    305 |   1 |  702.0 |
       Ossuary |    385 |    385 |      0 |      0 |    271 |   1 |  385.0 |
        Bailey |   1445 |   1445 |      0 |    779 |    129 |   1 | 1445.0 |
               +--------+--------+--------+--------+--------+-----+--------+

Top non-repeatable levels by time:
    D:15: 2782 daAuts
    D:14: 2359 daAuts
  Lair:5: 2348 daAuts
    D:13: 2195 daAuts
     D:5: 1647 daAuts
  Bailey: 1445 daAuts
    D:11: 1363 daAuts
     D:7: 1320 daAuts
     D:8: 1213 daAuts
  Lair:3: 1183 daAuts
Depths:1: 1147 daAuts
     D:4: 1139 daAuts
     D:6: 1129 daAuts
    D:10: 1076 daAuts
    D:12: 1038 daAuts
